 Dungeon Crawl Stone Soup version 0.29.0-4-gdea44cf6ec (webtiles) character file.

Game seed: 1079286886636978940

30 qw the Chopper (level 3, 0/21 HPs)
             Began as a Tengu Warper on Aug 28, 2022.
             Slain by a goblin
             ... wielding a +0 club
             ... led by Robin
              (2 damage)
             ... on level 2 of the Dungeon.
             The game lasted 00:00:04 (1022 turns).

qw the Chopper (Tengu Warper)                       Turns: 1022, Time: 00:00:05

Health: 0/21       AC:  3    Str: 13    XL:     3   Next: 20%
Magic:  7/7        EV: 12    Int: 13    God:
Gold:   13         SH:  0    Dex: 13    Spells: 6/6 levels left

rFire   . . .      SeeInvis .   Y - +0 hand axe (flame)
rCold   . . .      Faith    .   (no shield)
rNeg    . . .      Spirit   .   b - +0 leather armour
rPois   .          Reflect  .   (helmet restricted)
rElec   .          Harm     .   (no cloak)
rCorr   .          Rampage  .   (no gloves)
Will    .....                   (boots unavailable)
Stlth   +.........              (no amulet)
HPRegen 0.07/turn               (no ring)
MPRegen 0.10/turn               (no ring)

@: no status effects
A: beak, talons 3
a: no special abilities


You were on level 2 of the Dungeon.
You visited 1 branch of the dungeon, and saw 2 of its levels.

You collected 41 gold pieces.
You spent 28 gold pieces at shops.


Innate Abilities, Weirdness & Mutations

You have a beak for a mouth.
You have claws for feet.


   Skills:
 - Level 2.0 Fighting
 + Level 3.9 Axes
 - Level 1.0 Throwing
 - Level 1.1 Armour
 - Level 2.1 Dodging
 - Level 2.0 Spellcasting
 - Level 2.4 Translocations


You had 6 spell levels left.
You didn't know any spells.
Your spell library contained the following spells:

 Spells                   Type           Power      Damage    Failure   Level
 Blink                    Tloc           14%        N/A       19%         2
 Gell's Gravitas          Tloc           7%         N/A       36%         3
 Lesser Beckoning         Tloc           7%         N/A       36%         3
 Teleport Other           Tloc           7%         N/A       36%         3
 Manifold Assault         Tloc           7%         N/A       98%         5

Inventory:

Hand Weapons
 Y - a +0 hand axe of flaming (weapon)
Armour
 b - a +0 leather armour (worn)
Scrolls
 h - a scroll of identify
Potions
 i - a potion of heal wounds {unknown}

Dungeon Overview and Level Annotations

Branches:
Dungeon (2/15)

Altars:

Shops:
D:1 *

Annotations:
D:2 Robin


Message History

The goblin hits you with a +0 club.
You have reached level 3!
Your experience leads to an increase in your attributes!
Increase (S)trength, (I)ntelligence, or (D)exterity?
You feel stronger. x2
You closely miss the goblin. You claw the goblin.
You kill the goblin!
You hit the hobgoblin but do no damage. You hit the goblin.
You burn the goblin.
You kill the goblin!
The hobgoblin misses you.
You hit the hobgoblin. You burn the hobgoblin. Your kick misses the hobgoblin.
The hobgoblin is almost dead.
You closely miss the goblin. You hit the hobgoblin. You burn the hobgoblin.
The hobgoblin barely misses you. Robin throws the goblin at you!
The hobgoblin hits you but does no damage.
You hit the hobgoblin. You burn the hobgoblin.
You kill the hobgoblin!
You hit the goblin. You burn the goblin.
You kill the goblin!
You closely miss the hobgoblin. You barely miss the goblin.
The goblin barely misses you. The hobgoblin misses you.
Robin says, "Bow before me, strongest of all the hobgoblins!"
The goblin hits you with a +0 club.
The hobgoblin hits you but does no damage.
You barely miss the hobgoblin. You claw the hobgoblin.
You kill the hobgoblin!
You barely miss the goblin. You barely miss Robin. You hit the hobgoblin.
You burn the hobgoblin. You closely miss the hobgoblin.
The goblin hits you with a +0 club. The hobgoblin barely misses you.
The hobgoblin hits you but does no damage.
Robin closely misses you.
You hit the hobgoblin. You burn the hobgoblin. Your kick misses the hobgoblin.
You peck the hobgoblin.
You kill the hobgoblin!
You hit the hobgoblin but do no damage. You closely miss the goblin.
You hit the goblin. You burn the goblin.
You kill the goblin!
You hit Robin. You burn Robin. The hobgoblin misses you.
The goblin hits you with a +0 club.
You die...

.... ....
..... .....
..)...
......####
.....#%).##
......g@).##
####..gg<..#
...........#
###........#
.........##
#####.....#
.......
#.......#
#.......#


You could see Robin, a hobgoblin (strong) and a goblin (strong).

Vanquished Creatures
  A dart slug (D:1)
  A bat (D:1)
  An endoplasm (D:1)
  8 goblins
  6 hobgoblins
  2 jackals (D:1)
  2 quokkas (D:1)
  2 ball pythons (D:1)
  2 frilled lizards (D:1)
  A rat (D:1)
26 creatures vanquished.

Notes
Turn   | Place    | Note
-------+----------+-------------------------------------------
     0 | D:1      | qw the Tengu Warper began the quest for the Orb.
     0 | D:1      | Reached XP level 1. HP: 12/12 MP: 4/4
     0 | D:1      | 0 ||| qw: Version: 0.1-a-89-g26bdef1
     0 | D:1      | 0 ||| qw: Game counter: 2051
     0 | D:1      | 0 ||| qw: Always use a shield: true
     0 | D:1      | 0 ||| qw: God list: Okawaru
     0 | D:1      | 0 ||| qw: Allow faded altars: false
     0 | D:1      | 0 ||| qw: Do Orc after D:15 true
     0 | D:1      | 0 ||| qw: Do second Lair branch before Depths: true
     0 | D:1      | 0 ||| qw: Lair rune preference: random
     0 | D:1      | 0 ||| qw: Plans: Normal
     0 | D:1      | 0 ||| PLANNING D:1-11
    29 | D:1      | Found Caeg Haniga's Assorted Antiques.
    44 | D:1      | 44 ||| Stepping ~*~*~tactically~*~*~ (hiding).
   146 | D:1      | 146 ||| Stepping ~*~*~tactically~*~*~ (hiding).
   248 | D:1      | 248 ||| Stepping ~*~*~tactically~*~*~ (hiding).
   381 | D:1      | Reached skill level 3 in Axes
   381 | D:1      | Reached XP level 2. HP: 17/17 MP: 6/6
   935 | D:1      | Found Loqup's General Store.
   940 | D:1      | 940 ||| SHOPLISTING potion of haste (140 gold, have 41).
   940 | D:1      | 940 ||| BUYING scroll of identify (28 gold).
   940 | D:1      | Bought a scroll of identify for 28 gold pieces
   989 | D:1      | 989 ||| READING scroll labelled LURUASTRISO.
   990 | D:1      | 990 ||| READING scroll labelled MEAXZE MOOSOHI.
   991 | D:1      | 991 ||| DROPPING +0 club.
   992 | D:1      | 992 ||| READING scroll labelled RIPTEPHAIR.
   993 | D:1      | 993 ||| DROPPING scroll of blinking.
  1011 | D:2      | Noticed Robin
  1017 | D:2      | HP: 3/17 [goblin/+0 club[Robin] (2)]
  1018 | D:2      | Reached XP level 3. HP: 4/21 MP: 7/7
  1022 | D:2      | Slain by a goblin

Levels and vault maps discovered:
D:1:      dpeg_arrival_pits, layout_basic, serial_shops, shop, shop_fountains,
          shop
D:2:      layout_rooms, uniq_natasha, uniq_robin

Skill      XL: |  1 |
---------------+----+-----
Axes           | 3 |  3.9
Fighting       | |  2.0
Throwing       | |  1.0
Armour         | |  1.1
Dodging        | |  2.1
Spellcasting   | |  2.0
Translocations | |  2.4

Action                   || total
-------------------------++-------
Melee: Hand axe          ||    39
       Kick              ||     7
       Peck              ||     5
Throw: Boomerang         ||     7
  Use: Scroll            ||     3
Armor: Leather armour    ||    11
Dodge: Dodged            ||    27

Table legend:
 A = Non-vault XP
 B = Vault XP
 C = Vault XP percentage of total XP
 D = Non-vault monster count
 E = Vault monster count
 F = Vault count percentage of total count
                 A         B        C        D         E       F
            +---------+---------+-------+---------+---------+-------
      Total |      29 |      18 |  38.3 |      16 |      10 |  38.5
            +---------+---------+-------+---------+---------+-------
        D:1 |      29 |       0 |   0.0 |      16 |       0 |   0.0
        D:2 |       0 |      18 | 100.0 |       0 |      10 | 100.0
            +---------+---------+-------+---------+---------+-------
